 Dungeon Crawl Stone Soup version 0.19.0-24-gb05acd6 (webtiles) character file.

198 fhcty the Shield-Bearer (level 5, 0/41 HPs)
             Began as a Demonspawn Fighter on Nov 21, 2016.
             Slain by a gnoll
             ... wielding a +0 halberd
              (9 damage)
             ... on level 3 of the Dungeon.
             The game lasted 00:06:44 (2522 turns).

fhcty the Shield-Bearer (Demonspawn Fighter)        Turns: 2522, Time: 00:06:45

Health: 0/41       AC: 10    Str: 18    XL:     5   Next: 47%
Magic:  5/5        EV:  5    Int:  9    God:
Gold:   223        SH:  9    Dex: 12    Spells: 0 memorised, 4 levels left

rFire  . . .     SeeInvis .     a - +1 war axe
rCold  + . .     Gourm    .     A - +0 chain mail
rNeg   . . .     Faith    .     c - +0 shield
rPois  .         Spirit   .     (no helmet)
rElec  .         Reflect  .     (no cloak)
rCorr  .         Harm     .     (no gloves)
MR     .....                    r - +0 pair of boots
Stlth  ..........               (no amulet)
                                y - ring of wizardry
                                k - ring of protection from cold

@: no status effects
A: talons 2
a: no special abilities


You were on level 3 of the Dungeon.
You were not hungry.

You visited 1 branch of the dungeon, and saw 3 of its levels.

You collected 223 gold pieces.

Inventory:

Hand Weapons
 a - a +1 war axe (weapon)
 v - a +0 morningstar of protection
Armour
 b - a +0 scale mail
 c - a +0 shield (worn)
 r - a +0 pair of boots (worn)
 A - a +0 chain mail (worn)
Jewellery
 k - a ring of protection from cold (left hand)
 q - an uncursed amulet of faith
 y - a ring of wizardry (right hand)
Scrolls
 g - 2 scrolls of teleportation {unknown}
 m - 2 scrolls of identify
 n - 2 scrolls of enchant weapon
 o - 2 scrolls of remove curse {unknown}
 p - a scroll of recharging {unknown}
 s - a scroll of noise {unknown}
 w - a scroll of magic mapping {unknown}
 x - a scroll of fear {unknown}
Potions
 d - a potion of might
 e - a potion of haste {unknown}
 i - 2 potions of lignification {unknown}
 j - a potion of mutation {unknown}
 l - 4 potions of heal wounds
 t - 2 potions of curing
 u - a potion of berserk rage {unknown}
 C - a potion of flight {unknown}
Comestibles
 f - a bread ration
 h - 2 beef jerkies
 z - 2 meat rations
 B - 2 chunks of flesh


   Skills:
 + Level 3.4 Fighting
 + Level 3.5 Axes
 + Level 3.2 Armour
 + Level 1.0 Dodging
 + Level 3.8 Shields


You had 4 spell levels left.
You didn't know any spells.

Dungeon Overview and Level Annotations

Branches:
Dungeon (3/15)

Altars:
Dithmenos
Fedhas
Okawaru


Innate Abilities, Weirdness & Mutations

You have razor-sharp toenails.


Message History

The gnoll hits you from afar with a halberd. x2
The kobold hits you but does no damage.
Unknown command.
You closely miss the kobold. The gnoll barely misses you.
You block the kobold's attack.
The gnoll hits you from afar with a halberd.
You hit the kobold.
You kill the kobold!
The gnoll hits you from afar with a halberd!
You block the gnoll's attack. The gnoll hits you but does no damage.
Unknown command.
Things that are here:
a whip; a gnoll corpse Unknown command.
You hit the gnoll.
The gnoll is moderately wounded.
The gnoll hits you with a halberd.
* * * LOW HITPOINT WARNING * * *
The gnoll hits you from afar with a halberd!
You die...

## ### . ..#
#.#.# .#.##
... # #g#
#.#@# #.#.###
#.g.).#
####...#.#
+........#
####...#.###.#
#..........#
#.###..#####
#. ##..#


You could see 2 gnolls.

Vanquished Creatures
  A worker ant (D:3)
  5 adders
  3 gnolls
  2 oozes
  2 worms (D:2)
  A leopard gecko (D:2)
  6 orcs (D:3)
  3 giant cockroaches
  10 goblins
  3 hobgoblins
  11 jackals
  2 quokkas (D:3)
  A ball python (D:2)
  11 bats
  3 frilled lizards (D:1)
  5 kobolds
  8 rats
77 creatures vanquished.

Notes
Turn   | Place    | Note
-------+----------+-------------------------------------------
     0 | D:1      | fhcty the Demonspawn Fighter began the quest for the Orb.
     0 | D:1      | Reached XP level 1. HP: 18/18 MP: 1/1
    60 | D:1      | Gained mutation: You have sharp toenails. [demonic ancestry]
    60 | D:1      | Reached XP level 2. HP: 24/24 MP: 2/2
   294 | D:1      | Gained mutation: You have razor-sharp toenails. [demonic ancestry]
   294 | D:1      | Reached XP level 3. HP: 18/29 MP: 3/3
  1239 | D:2      | Reached XP level 4. HP: 33/35 MP: 4/4
  1396 | D:2      | Found an iron altar of Okawaru.
  1425 | D:2      | Reached skill level 1 in Dodging
  1787 | D:3      | Found a shadowy altar of Dithmenos.
  1818 | D:3      | Found a blossoming altar of Fedhas.
  1969 | D:3      | Reached XP level 5. HP: 30/41 MP: 5/5
  2522 | D:3      | Slain by a gnoll

Skill      XL: |  1  2  3  4 |
---------------+-------------+-----
Axes           | 2 3 |  3.5
Shields        | 3 |  3.8
Armour         | 3 |  3.2
Dodging        | 1 |  1.0
Fighting       | |  3.4

Action                   |  1- 3 |  4- 6 || total
-------------------------+-------+-------++-------
Melee: War axe           |   145 |   138 ||   283
       Kick              |    20 |       ||    20
  Use: Potion            |       |     2 ||     2
       Scroll            |       |     2 ||     2
  Eat: Chunk             |     1 |     5 ||     6
Armor: Scale mail        |    91 |    60 ||   151
       Chain mail        |       |    11 ||    11
Dodge: Dodged            |    48 |    58 ||   106
Block: Shield            |    96 |   105 ||   201
